Map: Ascension to Aiur LE

Players

TRUE - Winner!

  • Race: Zerg Zerg
  • Spawn Location: 5:00

Optimus

  • Race: Terran Terran
  • Spawn Location: 11:00

Event: WCS Valencia 2017

VOD

Have the link to the VOD?

Description

Time

  • Played on: July 13, 2017, 12:06 p.m.
  • Length: 3:29

All games in this series

Show
View Real Time Build Order
Export as new Build Order

TRUE Zerg - Winner!

Build Orders: Hatch First 

Get SALT Encoding   

  12  0:00  Drone  
  13  0:12  Overlord  
  13  0:17  Drone  
  14  0:30  Drone x2  
  14  0:34  Drone  
  17  0:51  Hatchery  
  17  0:55  Drone  
  17  1:09  Spawning Pool  
  16  1:14  Drone  
  16  1:15  Drone  
  18  1:21  Drone  
  19  1:45  Overlord  
  19  1:56  Zergling x2  
  19  1:57  Zergling x2  
  21  2:02  Zergling x2  
  21  2:03  Zergling x2  
  23  2:12  Queen  
  25  2:16  Zergling x2  
  25  2:22  Zergling x2  
  27  2:26  Zergling x2  
  28  2:32  Zergling x2  
  28  2:36  Zergling x2  
  30  2:39  Zergling x2  
  30  2:42  Zergling x2  
  32  2:51  Zergling x2  
  32  2:57  Zergling x2  
  32  2:58  Zergling x2  
  34  3:04  Zergling x2  
  33  3:08  Zergling x2  
  33  3:10  Spine Crawler  
Show
View Real Time Build Order
Export as new Build Order

Optimus Terran 

Build Orders:  

Get SALT Encoding   

  12  0:00  SCV  
  13  0:12  SCV  
  14  0:19  Supply Depot  
  14  0:24  SCV  
  15  0:41  Barracks  
  15  0:52  Barracks  
  15  1:05  Barracks  
  15  1:10  SCV  
  16  1:28  Marine  
  17  1:35  Orbital Command  
  16  1:46  Marine, Supply Depot  
  17  1:53  Marine  
  18  2:03  Marine  
  18  2:05  SCV  
  19  2:10  Marine  
  19  2:16  Marine  
  19  2:17  SCV  
  19  2:21  Marine  
  21  2:28  Marine  
  21  2:29  SCV  
  22  2:34  Marine  
  22  2:39  Marine  
  22  2:44  Supply Depot  
  22  2:46  Marine  
  22  2:52  Marine  
  22  2:57  Marine  
  24  3:03  SCV  
  24  3:04  Marine  
  25  3:10  Marine  
  26  3:14  Bunker  
Tags
 
Add a new tag
Caveats
  • Supply blocks, unpowered buildings, or Contaminate may cause inaccurate times.
  • Supply counts are checked every 10 seconds.